General information
- name: BNet
- type: Ladder team game (AT/RT)
- host: Battle.net
- saver: blinN
map: UpperKingdom
- players: 6
- length: 112:31
- speed: Fast
- version: 1.21 W3XP
- replay type:

» download(698 KB)
Players
team 1 (loser)
GuSSSSSSSSSSSS (
blue | 57 APM | 5479 actions | 95:49)
4 Archmage
2 Blizzard
2 Brilliance Aura
1 Mountain King
1 Storm Bolt
» actions
| Assign group hotkey | 71 | |
| Basic commands | 75 | |
| Build / train | 164 | |
| Enter build submenu | 78 | |
| Enter hero's abilities submenu | 5 | |
| Give item / drop item | 7 | |
| Remove unit from queue | 7 | |
| Right click | 2581 | |
| Select / deselect | 1861 | |
| Select group hotkey | 410 | |
| Use ability | 219 | |
5479 total
» units
| Peasant | 22 | |
| Mortar Team | 9 | |
| Siege Engine | 18 | |
| Flying Machine | 8 | |
57 total
» upgrades
| Masonry | 3 | |
| Lumber Harvesting | 2 | |
| Flare | 1 | |
| Barrage | 1 | |
| Magic Sentry | 1 | |
| Fragmentation Shards | 1 | |
| Gunpowder | 3 | |
| Plating | 3 | |
| Flak Cannons | 1 | |
| Flying Machine Bombs | 1 | |
| Armor | 1 | |
18 total
» buildings
| Altar of Kings | 1 | |
| Farm | 13 | |
| Lumber Mill | 2 | |
| Scout Tower | 36 | |
| Guard Tower | 26 | |
| Arcane Tower | 5 | |
| Keep | 1 | |
| Blacksmith | 1 | |
| Arcane Vault | 2 | |
| Workshop | 7 | |
| Town Hall | 4 | |
| Castle | 1 | |
| Arcane Sanctum | 1 | |
100 total
» build order
00:08 Altar of Kings
00:11 Farm
01:13 Farm
01:17 Lumber Mill
01:55 Scout Tower
02:13 Scout Tower
02:18 Farm
02:26 Guard Tower
02:57 Arcane Tower
02:59 Keep
03:05 Farm
03:14 Farm
03:21 Scout Tower
03:53 Guard Tower
04:20 Farm
04:43 Blacksmith
04:50 Arcane Vault
05:12 Farm
05:45 Workshop
05:50 Scout Tower
05:54 Scout Tower
05:57 Farm
06:01 Scout Tower
06:08 Farm
06:12 Scout Tower
06:21 Workshop
06:36 Workshop
07:50 Guard Tower
07:53 Guard Tower
10:47 Town Hall
10:57 Castle
11:33 Farm
11:34 Farm
12:18 Scout Tower
12:20 Scout Tower
13:12 Guard Tower
13:14 Scout Tower
13:15 Scout Tower
13:47 Guard Tower
13:58 Scout Tower
14:01 Arcane Sanctum
14:05 Farm
14:29 Arcane Tower
14:32 Scout Tower
14:42 Scout Tower
14:50 Scout Tower
15:04 Arcane Tower
15:09 Scout Tower
15:26 Farm
15:28 Guard Tower
15:36 Guard Tower
16:05 Guard Tower
16:51 Lumber Mill
18:04 Town Hall
18:22 Scout Tower
18:23 Scout Tower
18:33 Guard Tower
18:34 Guard Tower
18:36 Guard Tower
18:45 Scout Tower
18:46 Scout Tower
18:48 Scout Tower
18:50 Scout Tower
18:52 Arcane Tower
18:53 Scout Tower
18:55 Guard Tower
18:58 Scout Tower
19:13 Guard Tower
19:18 Scout Tower
19:20 Scout Tower
19:34 Guard Tower
19:53 Guard Tower
19:55 Scout Tower
20:02 Scout Tower
20:09 Scout Tower
20:31 Guard Tower
20:43 Guard Tower
20:53 Town Hall
21:03 Guard Tower
21:47 Workshop
21:51 Workshop
24:21 Guard Tower
24:22 Arcane Tower
28:24 Arcane Vault
37:41 Town Hall
38:46 Scout Tower
38:49 Scout Tower
38:49 Scout Tower
38:50 Guard Tower
38:55 Guard Tower
39:17 Guard Tower
39:19 Scout Tower
39:21 Scout Tower
39:39 Scout Tower
39:47 Guard Tower
39:51 Guard Tower
40:12 Guard Tower
56:05 Workshop
56:07 Workshop
70:41 Scout Tower
» items
| Scroll of Regeneration | 9 | |
| Lesser Clarity Potion | 2 | |
| Mechanical Critter | 2 | |
| Scroll of Town Portal | 10 | |
| Ivory Tower | 11 | |
| Potion of Healing | 7 | |
| Tiny Great Hall | 1 | |
42 total
ITSATRAP (
teal | 52 APM | 5875 actions | 112:28)
7 Blademaster
3 Wind Walk
3 Critical Strike
1 Bladestorm
3 Tauren Chieftain
2 Endurance Aura
1 Shockwave
1 Warden
1 Blink
» actions
| Assign group hotkey | 115 | |
| Basic commands | 637 | |
| Build / train | 153 | |
| ESC pressed | 70 | |
| Enter build submenu | 124 | |
| Enter hero's abilities submenu | 12 | |
| Give item / drop item | 10 | |
| Right click | 1606 | |
| Select / deselect | 1026 | |
| Select group hotkey | 1523 | |
| Use ability | 598 | |
5875 total
» units
| Peon | 43 | |
| Wind Rider | 7 | |
| Troll Batrider | 25 | |
| Magnataur Warrior | 1 | |
76 total
» upgrades
| Reinforced Defenses | 1 | |
| Envenomed Spears | 1 | |
| Ranged Weapons | 3 | |
| Armor | 3 | |
| Liquid Fire | 1 | |
| Spiked Barricades | 2 | |
11 total
» buildings
| Altar of Storms | 1 | |
| Orc Burrow | 12 | |
| War Mill | 2 | |
| Voodoo Lounge | 2 | |
| Watch Tower | 101 | |
| Stronghold | 2 | |
| Fortress | 2 | |
| Beastiary | 5 | |
| Great Hall | 5 | |
| Tree of Life | 1 | |
| Scout Tower | 1 | |
134 total
» build order
00:17 Altar of Storms
00:33 Orc Burrow
00:37 War Mill
01:26 Voodoo Lounge
02:05 Watch Tower
02:25 Watch Tower
03:00 Watch Tower
03:05 Watch Tower
03:47 Stronghold
03:47 Stronghold
04:11 Watch Tower
04:32 Orc Burrow
04:38 Orc Burrow
05:02 Watch Tower
05:04 Watch Tower
05:36 Orc Burrow
05:37 Watch Tower
06:18 Fortress
06:18 Fortress
06:54 Beastiary
07:31 Beastiary
08:03 Beastiary
13:15 Orc Burrow
13:16 Orc Burrow
13:31 Great Hall
13:33 Great Hall
13:36 Watch Tower
13:38 Watch Tower
14:12 Great Hall
14:15 Watch Tower
14:16 Watch Tower
14:20 Watch Tower
14:23 Watch Tower
14:25 Watch Tower
17:04 Watch Tower
18:50 Watch Tower
18:53 Watch Tower
18:58 Watch Tower
19:29 Watch Tower
20:40 Watch Tower
21:06 Watch Tower
24:18 Watch Tower
24:19 Watch Tower
24:21 Watch Tower
24:24 Watch Tower
24:28 Watch Tower
24:37 Watch Tower
24:41 Watch Tower
25:24 Watch Tower
25:26 Watch Tower
25:27 Watch Tower
25:30 Watch Tower
25:31 Watch Tower
25:35 Watch Tower
25:36 Watch Tower
26:28 Watch Tower
26:39 Watch Tower
28:40 Voodoo Lounge
30:16 Orc Burrow
35:00 Watch Tower
35:01 Watch Tower
35:03 Watch Tower
35:24 Watch Tower
35:34 Watch Tower
35:48 Watch Tower
35:53 Watch Tower
35:56 Watch Tower
35:58 Watch Tower
36:04 Watch Tower
36:06 Watch Tower
36:11 Watch Tower
38:05 Watch Tower
59:28 Beastiary
88:50 Beastiary
92:11 Watch Tower
92:15 Watch Tower
92:17 Watch Tower
92:18 Watch Tower
92:19 Watch Tower
92:20 Watch Tower
92:22 Watch Tower
92:23 Watch Tower
92:24 Watch Tower
92:25 Watch Tower
92:26 Watch Tower
92:29 Watch Tower
92:30 Watch Tower
92:31 Watch Tower
92:32 Watch Tower
92:33 Watch Tower
92:34 Watch Tower
92:35 Watch Tower
92:36 Watch Tower
92:37 Watch Tower
92:38 Watch Tower
92:39 Watch Tower
92:40 Watch Tower
92:41 Watch Tower
92:41 Watch Tower
92:43 Watch Tower
92:44 Watch Tower
92:46 Watch Tower
92:49 Watch Tower
92:52 Watch Tower
92:55 Watch Tower
92:57 Watch Tower
93:01 Watch Tower
93:04 Watch Tower
93:09 Watch Tower
93:19 Watch Tower
93:21 Watch Tower
97:26 Watch Tower
97:55 Watch Tower
99:32 Watch Tower
99:58 Watch Tower
100:14 Watch Tower
100:31 Tree of Life
101:20 Watch Tower
101:25 Watch Tower
101:52 War Mill
102:06 Orc Burrow
102:13 Orc Burrow
102:33 Great Hall
102:46 Orc Burrow
102:54 Orc Burrow
103:00 Orc Burrow
104:42 Scout Tower
104:59 Watch Tower
105:10 Watch Tower
106:28 Watch Tower
106:34 Watch Tower
107:28 Watch Tower
109:20 Watch Tower
110:49 Great Hall
» items
| Healing Salve | 3 | |
| Lesser Clarity Potion | 7 | |
| Orb of Lightning | 3 | |
| Scroll of Town Portal | 9 | |
| Tiny Great Hall | 3 | |
| Potion of Healing | 6 | |
| Scroll of Speed | 1 | |
| Potion of Mana | 6 | |
38 total
ZzzzzZCHIMZzzzZ (
green | 82 APM | 7478 actions | 91:28)
6 Firelord
2 Summon Lava Spawn
3 Soul Burn
1 Volcano
4 Priestess of the Moon
2 Trueshot Aura
2 Scout
1 Warden
1 Shadow Strike
» actions
| Assign group hotkey | 139 | |
| Basic commands | 410 | |
| Build / train | 140 | |
| Enter build submenu | 35 | |
| Enter hero's abilities submenu | 12 | |
| Give item / drop item | 15 | |
| Remove unit from queue | 4 | |
| Right click | 3699 | |
| Select / deselect | 1316 | |
| Select group hotkey | 1387 | |
| Use ability | 320 | |
7478 total
» units
| Wisp | 37 | |
| Archer | 12 | |
| Chimaera | 10 | |
| Hippogryph | 22 | |
| Dryad | 6 | |
87 total
» upgrades
| Well Spring | 1 | |
| Strength of the Wild | 3 | |
| Corrosive Breath | 1 | |
| Nature's Blessing | 1 | |
| Reinforced Hides | 3 | |
9 total
» buildings
| Ancient of War | 1 | |
| Moon Well | 6 | |
| Altar of Elders | 2 | |
| Hunter's Hall | 1 | |
| Ancient Protector | 12 | |
| Ancient of Wonders | 1 | |
| Tree of Ages | 1 | |
| Tree of Life | 1 | |
| Ancient of Wind | 1 | |
| Tree of Eternity | 2 | |
| Chimaera Roost | 2 | |
| Ancient of Lore | 1 | |
31 total
» build order
00:04 Ancient of War
00:18 Moon Well
01:08 Altar of Elders
02:00 Moon Well
03:36 Hunter's Hall
04:32 Moon Well
04:42 Ancient Protector
04:44 Ancient Protector
05:15 Ancient of Wonders
05:58 Tree of Ages
06:29 Tree of Life
07:20 Ancient Protector
08:08 Ancient Protector
09:00 Ancient of Wind
09:22 Ancient Protector
10:31 Ancient Protector
10:35 Tree of Eternity
10:35 Tree of Eternity
10:54 Moon Well
13:03 Chimaera Roost
13:08 Chimaera Roost
13:22 Ancient Protector
13:27 Ancient Protector
13:43 Moon Well
14:12 Ancient Protector
14:49 Moon Well
15:22 Ancient Protector
29:01 Ancient of Lore
56:20 Ancient Protector
56:21 Ancient Protector
83:32 Altar of Elders
» items
| Lesser Clarity Potion | 5 | |
| Potion of Healing | 4 | |
| Potion of Mana | 1 | |
| Orb of Venom | 2 | |
| Staff of Preservation | 2 | |
| Scroll of Town Portal | 6 | |
| Tiny Great Hall | 2 | |
| Scroll of Speed | 1 | |
23 total
team 2 (winner)
blinN (
purple | 65 APM | 7354 actions | 112:31)
10 Blademaster
3 Wind Walk
3 Critical Strike
1 Bladestorm
3 Mirror Image
» actions
| Assign group hotkey | 725 | |
| Basic commands | 73 | |
| Build / train | 65 | |
| ESC pressed | 10 | |
| Enter build submenu | 83 | |
| Enter hero's abilities submenu | 11 | |
| Give item / drop item | 4 | |
| Remove unit from queue | 2 | |
| Right click | 4119 | |
| Select / deselect | 761 | |
| Select group hotkey | 1098 | |
| Use ability | 393 | |
7354 total
» units
» upgrades
| Spiked Barricades | 3 | |
| Reinforced Defenses | 1 | |
4 total
» buildings
| Altar of Storms | 1 | |
| Orc Burrow | 10 | |
| War Mill | 2 | |
| Watch Tower | 71 | |
| Voodoo Lounge | 1 | |
| Stronghold | 1 | |
| Fortress | 1 | |
| Great Hall | 3 | |
| Beastiary | 2 | |
92 total
» build order
00:02 Altar of Storms
00:12 Orc Burrow
00:37 War Mill
01:51 Watch Tower
02:00 Orc Burrow
02:15 Watch Tower
02:39 Watch Tower
03:06 Watch Tower
04:07 Watch Tower
04:08 Watch Tower
04:21 Voodoo Lounge
04:26 Watch Tower
04:29 Watch Tower
05:12 Watch Tower
05:14 Watch Tower
05:31 Stronghold
05:45 Watch Tower
06:22 Watch Tower
06:23 Watch Tower
06:53 Watch Tower
07:03 Watch Tower
07:05 Watch Tower
07:29 Watch Tower
07:31 Watch Tower
08:38 Fortress
08:40 Watch Tower
08:42 Watch Tower
08:43 Watch Tower
10:04 Great Hall
10:10 Watch Tower
10:12 Watch Tower
10:23 Great Hall
10:40 Beastiary
10:53 Beastiary
11:40 Orc Burrow
11:42 Orc Burrow
12:02 Watch Tower
12:54 Watch Tower
13:42 Watch Tower
14:21 Watch Tower
14:22 Watch Tower
14:23 Watch Tower
14:24 Watch Tower
14:24 Watch Tower
15:23 Watch Tower
18:37 Watch Tower
18:39 Watch Tower
18:39 Watch Tower
28:46 Orc Burrow
28:47 Orc Burrow
28:49 Orc Burrow
28:50 Orc Burrow
28:51 Orc Burrow
29:26 Great Hall
29:30 Watch Tower
29:32 Watch Tower
29:32 Watch Tower
29:34 Watch Tower
29:35 Watch Tower
29:39 Watch Tower
34:39 War Mill
36:04 Watch Tower
36:05 Watch Tower
36:06 Watch Tower
36:10 Watch Tower
36:11 Watch Tower
36:12 Watch Tower
36:13 Watch Tower
36:13 Watch Tower
39:49 Watch Tower
39:50 Watch Tower
39:51 Watch Tower
39:52 Watch Tower
39:57 Watch Tower
39:59 Watch Tower
40:00 Watch Tower
49:12 Orc Burrow
59:22 Watch Tower
59:23 Watch Tower
65:40 Watch Tower
65:41 Watch Tower
65:42 Watch Tower
65:43 Watch Tower
65:44 Watch Tower
65:59 Watch Tower
66:00 Watch Tower
66:01 Watch Tower
66:01 Watch Tower
69:18 Watch Tower
69:19 Watch Tower
69:20 Watch Tower
69:21 Watch Tower
» items
| Healing Salve | 2 | |
| Lesser Clarity Potion | 3 | |
| Orb of Lightning | 1 | |
| Scroll of Town Portal | 3 | |
9 total
dirtmcwordup (
pink | 59 APM | 6673 actions | 112:29)
8 Archmage
3 Blizzard
3 Brilliance Aura
1 Mass Teleport
1 Summon Water Elemental
7 Blood Mage
3 Flame Strike
3 Siphon Mana
1 Summon Phoenix
» actions
| Assign group hotkey | 40 | |
| Basic commands | 228 | |
| Build / train | 168 | |
| ESC pressed | 4 | |
| Enter build submenu | 111 | |
| Enter hero's abilities submenu | 15 | |
| Give item / drop item | 3 | |
| Right click | 2766 | |
| Select / deselect | 723 | |
| Select group hotkey | 1988 | |
| Use ability | 623 | |
6673 total
» units
| Peasant | 17 | |
| Dragonhawk Rider | 29 | |
| Priest | 2 | |
| Siege Engine | 3 | |
| Sorceress | 1 | |
| Flying Machine | 2 | |
54 total
» upgrades
| Masonry | 3 | |
| Lumber Harvesting | 2 | |
| Magic Sentry | 1 | |
| Armor | 3 | |
| Swords | 3 | |
| Cloud | 1 | |
| Animal War Training | 1 | |
| Priest Training | 2 | |
| Control Magic | 1 | |
| Sorceress Training | 2 | |
| Storm Hammers | 1 | |
| Barrage | 1 | |
| Gunpowder | 3 | |
| Plating | 3 | |
| Flak Cannons | 1 | |
28 total
» buildings
| Altar of Kings | 2 | |
| Lumber Mill | 1 | |
| Farm | 17 | |
| Scout Tower | 93 | |
| Guard Tower | 44 | |
| Arcane Tower | 4 | |
| Keep | 1 | |
| Arcane Sanctum | 1 | |
| Blacksmith | 1 | |
| Town Hall | 4 | |
| Castle | 1 | |
| Gryphon Aviary | 3 | |
| Arcane Vault | 4 | |
| Barracks | 1 | |
| Workshop | 1 | |
178 total
» build order
00:05 Altar of Kings
00:09 Lumber Mill
00:15 Farm
00:35 Scout Tower
01:14 Scout Tower
01:17 Scout Tower
01:23 Farm
01:49 Guard Tower
01:56 Arcane Tower
01:56 Arcane Tower
02:03 Scout Tower
03:18 Guard Tower
03:22 Scout Tower
03:23 Scout Tower
03:24 Scout Tower
03:24 Scout Tower
03:29 Scout Tower
03:32 Scout Tower
04:01 Guard Tower
04:08 Scout Tower
04:09 Scout Tower
04:13 Scout Tower
04:18 Guard Tower
04:20 Guard Tower
04:33 Guard Tower
04:38 Guard Tower
05:11 Guard Tower
05:15 Scout Tower
05:16 Scout Tower
05:17 Scout Tower
05:18 Scout Tower
05:23 Guard Tower
05:24 Keep
05:31 Scout Tower
05:32 Scout Tower
05:32 Scout Tower
05:33 Scout Tower
06:12 Guard Tower
06:22 Scout Tower
06:27 Scout Tower
06:30 Scout Tower
06:49 Guard Tower
06:53 Guard Tower
07:05 Guard Tower
07:10 Guard Tower
07:46 Guard Tower
07:53 Scout Tower
07:53 Scout Tower
07:55 Scout Tower
07:58 Scout Tower
07:59 Scout Tower
08:02 Arcane Sanctum
08:07 Farm
08:24 Guard Tower
09:30 Blacksmith
10:26 Guard Tower
10:35 Town Hall
10:39 Town Hall
10:47 Scout Tower
10:48 Scout Tower
10:59 Scout Tower
11:00 Scout Tower
11:01 Scout Tower
11:03 Scout Tower
11:04 Scout Tower
11:05 Scout Tower
11:05 Scout Tower
11:06 Scout Tower
11:08 Scout Tower
11:12 Scout Tower
11:13 Scout Tower
11:14 Scout Tower
11:22 Guard Tower
11:26 Castle
11:57 Guard Tower
12:28 Gryphon Aviary
12:30 Gryphon Aviary
12:37 Guard Tower
12:53 Guard Tower
13:00 Guard Tower
13:10 Arcane Vault
13:20 Arcane Vault
13:29 Farm
13:30 Farm
13:31 Farm
13:32 Farm
13:45 Barracks
14:55 Scout Tower
14:56 Scout Tower
14:56 Scout Tower
14:57 Scout Tower
17:02 Farm
17:08 Guard Tower
18:52 Farm
18:57 Scout Tower
21:58 Town Hall
22:01 Scout Tower
22:02 Scout Tower
22:02 Scout Tower
22:03 Scout Tower
22:04 Scout Tower
22:05 Scout Tower
22:34 Guard Tower
22:36 Guard Tower
22:37 Guard Tower
23:11 Guard Tower
23:46 Guard Tower
24:01 Scout Tower
24:02 Scout Tower
24:48 Scout Tower
24:49 Scout Tower
24:51 Guard Tower
24:59 Guard Tower
25:21 Guard Tower
25:35 Guard Tower
25:53 Farm
25:55 Farm
26:05 Scout Tower
26:05 Scout Tower
26:07 Scout Tower
26:07 Scout Tower
26:59 Arcane Tower
27:14 Guard Tower
28:17 Scout Tower
28:44 Guard Tower
31:59 Scout Tower
32:00 Scout Tower
32:01 Scout Tower
32:34 Guard Tower
33:45 Gryphon Aviary
34:32 Scout Tower
34:34 Scout Tower
34:37 Scout Tower
34:50 Workshop
35:20 Guard Tower
35:23 Scout Tower
35:25 Scout Tower
35:27 Scout Tower
35:28 Scout Tower
36:24 Guard Tower
36:37 Scout Tower
36:39 Scout Tower
36:40 Scout Tower
36:41 Scout Tower
37:09 Guard Tower
37:11 Guard Tower
37:13 Guard Tower
37:16 Scout Tower
37:17 Scout Tower
37:18 Scout Tower
37:19 Scout Tower
37:53 Guard Tower
42:26 Scout Tower
47:20 Arcane Vault
47:30 Arcane Vault
55:16 Scout Tower
55:17 Scout Tower
56:33 Guard Tower
59:22 Scout Tower
59:23 Scout Tower
59:29 Scout Tower
59:30 Scout Tower
59:35 Scout Tower
60:33 Guard Tower
60:36 Farm
60:38 Farm
65:01 Scout Tower
65:11 Farm
65:12 Farm
65:13 Farm
65:35 Guard Tower
67:52 Scout Tower
67:56 Scout Tower
68:42 Farm
68:50 Arcane Tower
80:42 Town Hall
80:55 Altar of Kings
» items
| Scroll of Town Portal | 6 | |
| Staff of Sanctuary | 2 | |
| Scroll of Regeneration | 8 | |
| Potion of Healing | 2 | |
18 total
mata. (
red | 105 APM | 11771 actions | 112:29)
10 Warden
3 Shadow Strike
3 Blink
1 Spirit of Vengeance
3 Fan of Knives
» actions
| Assign group hotkey | 1650 | |
| Basic commands | 79 | |
| Build / train | 135 | |
| ESC pressed | 17 | |
| Enter build submenu | 46 | |
| Enter hero's abilities submenu | 10 | |
| Give item / drop item | 5 | |
| Remove unit from queue | 2 | |
| Right click | 6785 | |
| Select / deselect | 1536 | |
| Select group hotkey | 771 | |
| Use ability | 729 | |
11771 total
» units
| Wisp | 40 | |
| Huntress | 6 | |
| Glaive Thrower | 2 | |
| Hippogryph | 37 | |
| Druid of the Talon | 3 | |
88 total
» upgrades
| Vorpal Blades | 1 | |
| Strength of the Wild | 3 | |
| Reinforced Hides | 3 | |
| Sentinel | 1 | |
| Well Spring | 1 | |
| Ultravision | 1 | |
| Nature's Blessing | 1 | |
| Druid of the Talon Training | 1 | |
12 total
» buildings
| Altar of Elders | 2 | |
| Moon Well | 18 | |
| Ancient of War | 1 | |
| Hunter's Hall | 2 | |
| Tree of Ages | 2 | |
| Tree of Life | 8 | |
| Tree of Eternity | 2 | |
| Ancient of Wind | 5 | |
| Ancient Protector | 4 | |
44 total
» build order
00:03 Altar of Elders
00:17 Moon Well
01:37 Ancient of War
01:44 Hunter's Hall
01:56 Moon Well
03:37 Moon Well
04:22 Tree of Ages
05:12 Moon Well
05:46 Tree of Life
07:08 Tree of Eternity
12:00 Tree of Life
14:22 Ancient of Wind
19:40 Tree of Life
20:44 Tree of Life
28:01 Tree of Life
32:25 Tree of Life
35:08 Ancient of Wind
35:09 Ancient of Wind
35:17 Moon Well
35:18 Moon Well
37:58 Moon Well
37:59 Moon Well
41:18 Moon Well
41:19 Moon Well
41:52 Moon Well
46:22 Moon Well
46:23 Moon Well
93:41 Tree of Life
94:34 Tree of Life
98:56 Tree of Ages
101:29 Altar of Elders
102:34 Ancient of Wind
102:44 Tree of Eternity
103:55 Moon Well
103:58 Moon Well
104:57 Moon Well
107:29 Moon Well
107:40 Moon Well
107:51 Hunter's Hall
108:41 Ancient of Wind
109:05 Ancient Protector
109:09 Ancient Protector
109:11 Ancient Protector
109:12 Ancient Protector
» items
| Orb of Lightning | 1 | |
| Tiny Great Hall | 2 | |
| Scroll of Town Portal | 3 | |
| Potion of Healing | 1 | |
7 total
Chat log
(00:07 / Allies) mata.: wanna mountain
(00:08 / Allies) blinN: shotgun not
(00:11 / Allies) dirtmcwordup: oteigh
(00:13 / Allies) blinN: towering
(00:24 / Allies) dirtmcwordup: blinn honestly i wouldt even trust U
(00:30 / Allies) blinN: ok
(00:40 / Allies) dirtmcwordup: makea me a feed please mata
(00:41 / Allies) mata.: getting hunt
(00:54 / Allies) dirtmcwordup: ok ill give you some tower @ tier 2 the
(00:59 / Allies) blinN: now i'm not gonna say anything & expect to be fed and cry when i'm not
(01:00 / Allies) dirtmcwordup: or once my economy is up
(01:26 / Allies) mata.: did you get that tho
(01:31 / Allies) mata.: it was satire of blinn
(01:39 / Allies) dirtmcwordup: dibz
(02:22 / Allies) blinN: argh
(02:29 / Allies) blinN: my solo record
(03:02 / Allies) mata.: fl
(03:25 / Allies) blinN: aheh
(03:28 / Allies) blinN: this guy towering too
(03:54 / Allies) dirtmcwordup: hurt worker too
(04:26 / Allies) dirtmcwordup: blizzing that guy tower
(04:39 / Allies) blinN: totally turned that guy's harass on him hell yeah
(04:43 / Allies) dirtmcwordup: lum please mata
(05:49 / Allies) blinN: these guys
(05:50 / Allies) blinN: totally perching us
(05:56 / Allies) dirtmcwordup: would be funny
(05:57 / Allies) mata.: we're doing it better
(05:58 / Allies) dirtmcwordup: but i got landazar
(06:05 / Allies) mata.: ne doesn't have warden
(06:07 / Allies) dirtmcwordup: he creepa my stuff
(06:11 / Allies) blinN: whoo
(06:15 / Allies) dirtmcwordup: teal blade
(07:18 / Allies) blinN: help creep top next?
(07:18 / Allies) mata.: top mountain?
(07:46 / Allies) blinN: these guys seem a bit divided on strat
(08:26 / Allies) dirtmcwordup: any lum
(08:34 / Allies) blinN: lets do this
(09:02 / Allies) dirtmcwordup: mata toss me 300/300 please
(09:08 / Allies) dirtmcwordup: ill give back shortly
(09:10 / Allies) mata.: expand
(09:16 / Allies) dirtmcwordup: working oni it
(09:38 / Allies) blinN: this after
(09:47 / Allies) blinN: inivsimort?
(09:53 / Allies) blinN: sentry in ever base
(10:00 / Allies) mata.: gettign sentinel
(10:25 / Allies) mata.: dropping hwards
(10:44 / Allies) blinN: lum for bats?
(11:05 / Allies) mata.: warden hood
(12:03 / Allies) dirtmcwordup: lum please
(12:06 / Allies) blinN: me too if you have extra
(12:09 / Allies) blinN: fuck
(12:11 / Allies) mata.: cant take those wyv
(12:15 / Allies) mata.: get in there n jack
(12:46 / Allies) blinN: ack
(12:48 / Allies) blinN: he critted it
(12:55 / Allies) dirtmcwordup: flared
(13:01 / Allies) mata.: means they see mine too
(13:02 / Allies) mata.: we got bat?
(13:07 / Allies) blinN: some
(13:13 / Allies) mata.: moto
(13:46 / Allies) mata.: did he die?
(13:50 / Allies) mata.: go n chec
(13:50 / Allies) blinN: going to check
(13:57 / Allies) dirtmcwordup: lum please SRY
(13:58 / Allies) blinN: yes
(14:14 / Allies) dirtmcwordup: ty
(14:30 / Allies) mata.: woot,
(14:34 / Allies) mata.: i'm level 5
(14:36 / Allies) blinN: a blade item perchance
(14:36 / Allies) mata.: go creep
(14:37 / Allies) mata.: with my hunts
(14:45 / Allies) blinN: doing this
(15:05 / Allies) mata.: enemy wyval
(15:11 / Allies) blinN: bats coming then
(15:13 / Allies) mata.: expos are twoering
(16:48 / Allies) blinN: lawl
(16:50 / Allies) mata.: strange
(16:56 / Allies) dirtmcwordup: got hawk
(17:17 / Allies) blinN: wantm e to bat
(17:19 / Allies) blinN: oh yeah hawk
(17:32 / Allies) mata.: ghey
(17:33 / Allies) mata.: tank
(17:51 / Allies) blinN: mask of def
(18:03 / Allies) blinN: go for potm
(18:07 / Allies) blinN: less health
(18:19 / Allies) mata.: that was a genuinely good item
(18:27 / Allies) blinN: o for boots
(18:32 / Allies) blinN: creeping these for botos
(18:39 / Allies) dirtmcwordup: no
(18:40 / Allies) dirtmcwordup: let me creep
(18:41 / Allies) dirtmcwordup: i need exp
(18:51 / Allies) blinN: creep that for xp
(18:52 / Allies) blinN: you nerd
(18:57 / Allies) blinN: well either way
(18:57 / Allies) mata.: then where are you going
(18:58 / Allies) mata.: goddamn
(18:59 / Allies) blinN: gimme boots
(19:01 / Allies) blinN: if you get em
(19:02 / Allies) blinN: i'll go harass
(19:07 / Allies) dirtmcwordup: oops coming mata
(19:13 / Allies) dirtmcwordup: domt die
(19:16 / Allies) blinN: crown of don't die
(19:32 / Allies) dirtmcwordup: buying tp the lets creep dat
(19:42 / Allies) blinN: man these guys towering like they think they us
(19:44 / Allies) dirtmcwordup: my base is so sweet i think
(20:05 / Allies) blinN: shall i just jew up from now on?
(20:14 / Allies) blinN: p&c&t?
(20:30 / Allies) blinN: going in
(20:31 / Allies) mata.: and what, teep it?
(20:32 / Allies) blinN: 2 assassinate
(20:33 / Allies) blinN: take
(20:38 / Allies) blinN: / tower
(20:54 / Allies) blinN: yo dirt
(20:58 / Allies) dirtmcwordup: what
(20:58 / Allies) blinN: hotkey my bats and keep them with you?
(21:02 / Allies) dirtmcwordup: nope
(21:04 / Allies) dirtmcwordup: why would i
(21:08 / Allies) blinN: eh fair enough
(21:11 / Allies) dirtmcwordup: expanding then ill hit
(21:34 / Allies) dirtmcwordup: got a blade
(21:35 / Allies) dirtmcwordup: here
(21:47 / Allies) blinN: nevermind i guess
(22:16 / Allies) dirtmcwordup: camp this please
(22:19 / Allies) dirtmcwordup: until my towers go up
(22:24 / Allies) blinN: want manaura anyway
(22:31 / Allies) dirtmcwordup: gotta creep
(22:32 / Allies) dirtmcwordup: before they do
(22:34 / Allies) blinN: aight
(22:37 / Allies) blinN: holla if you get boots
(22:40 / Allies) dirtmcwordup: yeah
(22:44 / Allies) dirtmcwordup: do you really need though
(22:46 / Allies) blinN: well
(22:47 / Allies) dirtmcwordup: they would be better on warden
(22:52 / Allies) blinN: to ensure a purge
(22:55 / Allies) blinN: whatev
(22:58 / Allies) blinN: watch out
(22:59 / Allies) blinN: i saw some eteal there
(23:23 / Allies) blinN: he's gonna tiny i think
(23:25 / Allies) blinN: who knowz
(23:43 / Allies) blinN: get to your expo
(23:44 / Allies) blinN: right now
(23:46 / Allies) blinN: tp if you have to
(23:53 / Allies) mata.: shackel
(23:54 / Allies) mata.: it
(23:56 / Allies) blinN: yes
(23:57 / Allies) mata.: outside tp range
(23:57 / Allies) blinN: i know
(24:07 / Allies) mata.: too late but shsackel anyway
(24:10 / Allies) mata.: timg where are you
(24:18 / Allies) mata.: yeah
(24:20 / Allies) mata.: you fucked up
(24:46 / Allies) blinN: owned
(24:48 / Allies) mata.: nice crit
(25:06 / Allies) blinN: gonna go up soon?
(25:10 / Allies) mata.: ya
(25:14 / Allies) mata.: first level now
(25:25 / Allies) blinN: teal around here
(25:32 / Allies) blinN: skulking around
(25:39 / Allies) dirtmcwordup: these guys are in upk definitely
(25:56 / Allies) blinN: more mana more life steal
(25:59 / Allies) blinN: more health
(26:16 / Allies) blinN: cehking
(26:22 / Allies) blinN: wow
(26:29 / Allies) blinN: these guys spending insane amounts on towers
(26:35 / Allies) blinN: blade is no doubt
(26:36 / Allies) blinN: coming for you
(27:09 / Allies) blinN: watch it
(27:36 / Allies) mata.: they serious about tanking
(27:46 / Allies) mata.: dunno, raider?
(28:04 / Allies) dirtmcwordup: bat
(28:09 / Allies) blinN: how did my blade
(28:10 / Allies) blinN: die
(28:34 / Allies) dirtmcwordup: going 100 food as soon as my first expo is done
(28:47 / Allies) mata.: you don't hav to
(28:49 / Allies) mata.: make more bat
(28:59 / Allies) blinN: got 12
(29:02 / Allies) blinN: gonna hide for ambush
(29:05 / Allies) dirtmcwordup: keep a hippo here
(29:09 / Allies) dirtmcwordup: in case they try to ambush please
(29:12 / Allies) dirtmcwordup: i mean
(29:12 / Allies) mata.: i recommend raider if you're going to stay on ground
(29:13 / Allies) dirtmcwordup: expand
(29:16 / Allies) dirtmcwordup: i was reading you thin
(29:16 / Allies) blinN: we're not
(29:16 / Allies) dirtmcwordup: g
(29:18 / Allies) blinN: staying on ground though
(29:57 / Allies) blinN: can't believe my blade fucken died
(30:03 / Allies) dirtmcwordup: pwned
(30:24 / Allies) dirtmcwordup: oooowned
(30:50 / Allies) mata.: need towers now
(31:14 / Allies) blinN: my base going down hard
(31:17 / Allies) dirtmcwordup: tping up
(31:20 / Allies) mata.: told you to get raider
(31:24 / Allies) blinN: was at 50 food
(31:27 / Allies) blinN: didn't really wanna go over
(31:28 / Allies) dirtmcwordup: clear room
(31:31 / Allies) dirtmcwordup: so i tp on ledge
(32:06 / Allies) blinN: so what should I do
(32:17 / Allies) dirtmcwordup: make something
(32:17 / Allies) mata.: tower the perch
(32:18 / Allies) dirtmcwordup: make bat
(32:22 / Allies) dirtmcwordup: ill tower it
(32:24 / Allies) dirtmcwordup: hu better vs chim
(32:28 / Allies) blinN: why do you keep thinking I don't have bat
(32:50 / Allies) mata.: wth, need help
(33:05 / Allies) dirtmcwordup: im already up here sorry
(33:38 / Allies) mata.: guy's gone, this is gay
(34:35 / Allies) mata.: some tanks on the perch, please
(35:12 / Allies) blinN: welp i guess that's all the bats i'm getting
(36:04 / Allies) dirtmcwordup: mad lum
(36:19 / Allies) dirtmcwordup: lum me
(36:36 / Allies) blinN: temporary lumloan
(38:15 / Allies) blinN: no faerie drags? no dott?
(38:22 / Allies) dirtmcwordup: how many tanko you want
(38:23 / Allies) mata.: faery dragons wtf
(38:33 / Allies) blinN: good against chim and frosties and batsi guess
(38:51 / Allies) blinN: finally the tank train
(38:52 / Allies) blinN: has stopped
(39:07 / Allies) blinN: should i kill these
(39:08 / Allies) blinN: with tower
(39:16 / Allies) mata.: guess so
(39:16 / Allies) dirtmcwordup: probly
(39:29 / Allies) mata.: i wish the ne had tri heroed
(39:34 / Allies) mata.: as it is they can follow us up np
(39:36 / Allies) dirtmcwordup: ill go rest dhawk
(39:37 / Allies) mata.: sure
(39:44 / All) GuSSSSSSSSSSSS: pussies
(40:02 / Allies) dirtmcwordup: do we want some sorc
(40:08 / Allies) mata.: shackle that air
(40:29 / Allies) blinN: dango
(40:50 / Allies) blinN: these guys have mad expos but spent so much protecting them too
(41:01 / Allies) blinN: hahaha
(41:02 / Allies) dirtmcwordup: laugh
(41:03 / All) mata.: greedy
(41:04 / Allies) blinN: haha
(41:08 / All) blinN: Greed of the Noob
(41:15 / All) ITSATRAP: loss of the noobs
(41:18 / All) blinN: your own?
(41:23 / All) ITSATRAP: rofl?
(41:26 / All) ITSATRAP: we're not going to lose...
(41:32 / Allies) dirtmcwordup: my base is v. nice if i may say so myself.
(41:33 / All) blinN: we'll c
(42:01 / Allies) dirtmcwordup: almost time to go into high upk
(42:04 / Allies) dirtmcwordup: 3000 gold left
(42:06 / Allies) mata.: id zay so
(42:08 / Allies) blinN: enough towers or should i do more?
(42:14 / Allies) dirtmcwordup: good for now
(42:27 / Allies) mata.: borrowing your evasion
(42:31 / Allies) dirtmcwordup: np
(42:41 / Allies) blinN: i have mask of death / girdle fo strength if you want
(43:01 / Allies) mata.: i'm aight
(43:35 / Allies) blinN: the amount these guys have spent on tanks alone
(43:59 / All) ITSATRAP: Wtf was that
(44:04 / All) blinN: flol
(44:41 / Allies) mata.: do we need anything else up top?
(44:46 / Allies) blinN: only taking two tanks up?
(44:48 / Allies) dirtmcwordup: im gonna have 75 food
(44:51 / Allies) dirtmcwordup: after i kill my gold mine
(44:57 / Allies) dirtmcwordup: so thats 7 more hawk
(45:01 / Allies) dirtmcwordup: well
(45:02 / Allies) dirtmcwordup: idk
(45:08 / Allies) mata.: i have some dott but they can't ff in crow
(45:09 / Allies) dirtmcwordup: thats 8 more hawk and one food
(45:10 / Allies) mata.: so not very useful
(45:15 / Allies) blinN: get a gyro
(45:16 / Allies) blinN: with the last
(45:16 / Allies) dirtmcwordup: gonna kill a worker off
(45:25 / Allies) dirtmcwordup: yeah gyro i guess
(45:33 / All) mata.: lol,
(45:33 / Allies) dirtmcwordup: lmao
(45:35 / Allies) blinN: ahaha
(45:36 / All) ITSATRAP: no loss
(45:41 / All) mata.: loss: 1 blademaster
(45:46 / All) dirtmcwordup: thats like 400g loss right there actually
(45:49 / All) blinN: gain: 0
(45:50 / All) ITSATRAP: 400g?
(45:52 / All) ITSATRAP: of my 10k?
(45:53 / All) ITSATRAP: oh nos
(45:56 / All) blinN: only 10k? LOLOL
(45:57 / All) dirtmcwordup: ok
(46:01 / Allies) mata.: that's good
(46:04 / Allies) mata.: 10k aint shit
(46:10 / Allies) mata.: he's primary expo holder as well
(46:11 / Allies) dirtmcwordup: im gonna have a little over 17k
(46:15 / Allies) blinN: i even have 10k
(46:19 / Allies) dirtmcwordup: damn
(46:22 / Allies) dirtmcwordup: we jewed pretty good
(46:30 / Allies) blinN: and mata has 15, so 42k in total funds
(46:31 / Allies) blinN: noise
(46:32 / Allies) mata.: going 100 food then cause units are gonna be better than gold
(46:43 / Allies) dirtmcwordup: gonna jew to the max
(46:46 / Allies) dirtmcwordup: because we got some time
(46:53 / Allies) dirtmcwordup: only 250 left anywy
(47:05 / Allies) mata.: we could hold this for just a longass time
(47:12 / Allies) dirtmcwordup: why bother
(47:12 / Allies) blinN: man i'd love to come down & help
(47:19 / Allies) mata.: its cool
(47:19 / Allies) blinN: level 7 bm ain't nothin to fuck wit
(47:30 / Allies) mata.: i think they went out of upkeep
(47:34 / Allies) mata.: haven't seen their shit for a while
(47:36 / Allies) blinN: p & k
(47:38 / Allies) blinN: pump and kill
(48:01 / Allies) mata.: nm i guesseppelle
(48:18 / Allies) mata.: scout
(48:24 / Allies) mata.: tay
(48:26 / Allies) blinN: this just finished
(48:37 / Allies) mata.: they're barricading the perch
(48:42 / Allies) blinN: yeah don't even try fly up
(48:42 / Allies) mata.: looks like we'll have to tp up
(48:54 / Allies) dirtmcwordup: you ca buy tp if you wat
(48:57 / Allies) dirtmcwordup: just dont tp down with stuff
(49:00 / Allies) blinN: ah cool
(49:02 / Allies) blinN: hmm should I?
(49:05 / Allies) mata.: make burrow
(49:07 / Allies) mata.: and put workers in
(49:08 / Allies) mata.: first off
(49:22 / Allies) blinN: but i mean is it worth it
(49:24 / Allies) dirtmcwordup: keep bat in corner
(49:26 / Allies) blinN: well as long as I don't die I guess
(49:35 / Allies) blinN: only one bat aheh
(49:41 / Allies) dirtmcwordup: blow up some wisps mata
(49:42 / Allies) mata.: they seem to be
(49:44 / Allies) mata.: idling
(49:48 / Allies) mata.: we don't have much lum
(49:51 / Allies) dirtmcwordup: hide @ least one wisp down here though
(49:54 / Allies) dirtmcwordup: yeah
(50:02 / Allies) dirtmcwordup: hiding wisp here
(50:04 / Allies) mata.: i know
(50:06 / Allies) mata.: is the standard spot
(50:10 / Allies) blinN: anybody else lagging
(50:15 / Allies) mata.: neg
(50:17 / Allies) blinN: nevermind just a spike
(50:22 / Allies) blinN: ok coming down
(50:31 / Allies) blinN: nevadie nevaevadie
(50:35 / Allies) blinN: oh
(50:35 / Allies) blinN: crap
(50:36 / Allies) dirtmcwordup: retard noob
(50:40 / Allies) blinN: was in corner
(50:42 / Allies) dirtmcwordup: keep him in my base
(50:43 / Allies) mata.: what's with huntres owls ally colors
(50:44 / Allies) dirtmcwordup: and buy a tp
(50:46 / Allies) dirtmcwordup: tp up with him ok
(50:47 / Allies) mata.: they're blue
(50:50 / Allies) mata.: i'm not blue.....
(50:50 / Allies) blinN: i'll try remember
(50:53 / Allies) mata.: =
(51:03 / Allies) mata.: made me think blue had control magiced my owls until i realized they were still mine
(51:13 / Allies) dirtmcwordup: hmm what do they got
(51:19 / Allies) mata.: standard shit i think
(51:21 / Allies) dirtmcwordup: gyro bat hawk gryph chim
(51:22 / Allies) mata.: more tank, more chim
(51:30 / Allies) mata.: haven't seen any gryph yet
(51:34 / Allies) dirtmcwordup: i guess hippo is best choice yeah
(51:40 / Allies) dirtmcwordup: maybe some yad?
(51:48 / Allies) mata.: on the perch nahhhhhhh
(51:55 / Allies) mata.: d/r
(51:55 / Allies) blinN: what you pingin about
(52:01 / Allies) mata.: my alt key stuck
(52:07 / Allies) mata.: it's like alt is modular sometimes
(52:45 / Allies) dirtmcwordup: hope you ready to go up mata
(52:48 / Allies) dirtmcwordup: im bliowing up towers
(52:56 / Allies) blinN: chopping up wisps
(53:17 / Allies) blinN: howcome level 3 windwalk instakills wisps
(53:27 / Allies) blinN: wisps of 120 health and lvl 3 ww does 100 damage according to tooltip
(53:30 / Allies) blinN: *have
(53:33 / Allies) mata.: 100 "bonus damage"
(53:35 / Allies) blinN: oh
(53:38 / Allies) blinN: sweet
(53:57 / Allies) mata.: welp
(53:58 / Allies) blinN: oh jesus
(53:59 / Allies) mata.: well
(54:00 / Allies) mata.: p
(54:07 / Allies) mata.: i don't even fucking know
(54:20 / Allies) dirtmcwordup: im going up
(54:30 / Allies) blinN: well
(54:33 / Allies) blinN: now we're ina pickle
(55:02 / Allies) mata.: all mines are outish
(55:14 / Allies) blinN: how did they get up?
(55:15 / Allies) blinN: tiny?
(55:18 / Allies) mata.: yes
(55:20 / Allies) mata.: same way we did
(55:36 / Allies) mata.: i'm coming up, too.
(55:44 / Allies) mata.: we gotta kill their tiny
(56:07 / Allies) blinN: should i get a DR
(56:17 / Allies) blinN: i can build another burrow and tavbuy her
(56:33 / Allies) mata.: you're not tier 2
(56:35 / Allies) blinN: ah balls
(56:37 / Allies) dirtmcwordup: repair with peons please
(56:42 / Allies) dirtmcwordup: i only have one worker i dont wat him to die
(57:12 / Allies) mata.: handle my air please
(57:36 / Allies) mata.: get your shackles out
(57:50 / Allies) dirtmcwordup: do you have air hotkeyed
(57:53 / Allies) dirtmcwordup: i cant grap it
(57:57 / Allies) mata.: no
(58:59 / Allies) mata.: whereis blade
(59:05 / Allies) mata.: good
(59:16 / Allies) mata.: we need more towers
(59:18 / Allies) dirtmcwordup: fuck
(59:30 / Allies) blinN: they all hittable
(59:35 / Allies) mata.: something tped down
(59:41 / Allies) blinN: somethign to come stop me
(59:43 / Allies) mata.: can we take this back?
(59:54 / Allies) mata.: go
(59:54 / Allies) mata.: now
(59:56 / Allies) mata.: blue is down
(60:07 / Allies) blinN: fuck
(60:08 / Allies) blinN: bats
(60:21 / Allies) dirtmcwordup: im out
(60:46 / Allies) blinN: i'll see if I can find beastiaries
(60:56 / Allies) mata.: well good thing they left bottom base
(61:02 / Allies) mata.: so we can still build air
(61:09 / Allies) dirtmcwordup: how am i at 90 food what idd i lose
(61:24 / Allies) mata.: bats
(61:47 / Allies) blinN: i'll try take out ebastiareis
(61:49 / Allies) blinN: i mean
(61:50 / Allies) dirtmcwordup: mata put your air in corner please
(61:50 / Allies) blinN: beastiaries
(62:32 / Allies) mata.: ya
(62:54 / Allies) blinN: i'll see if I can storm altar
(62:58 / Allies) blinN: maybe make it even harder to get warden back
(63:13 / Allies) mata.: timg
(63:16 / Allies) mata.: lets take this
(63:21 / Allies) dirtmcwordup: storm thios
(63:22 / Allies) dirtmcwordup: take what
(63:38 / Allies) mata.: make it so they have no tiny again
(63:39 / Allies) mata.: to get up
(63:51 / Allies) mata.: get tol primarily
(63:54 / Allies) dirtmcwordup: almost phoenx
(64:13 / Allies) blinN: got level eight jeez
(64:13 / Allies) mata.: gotta take out tol tho
(64:18 / Allies) mata.: almost 10...
(64:21 / Allies) dirtmcwordup: hes killing my farms fuck
(64:32 / Allies) dirtmcwordup: gotta hide farms dow souf
(64:42 / Allies) mata.: o well you got a lot of dudes still
(64:44 / Allies) blinN: hmm i'll focus on trying to
(64:50 / Allies) blinN: storm beastiaries
(65:01 / Allies) mata.: we just booted em off the escarpments
(65:07 / Allies) mata.: even denied a tp
(65:20 / Allies) dirtmcwordup: stay here
(65:23 / Allies) dirtmcwordup: until i get my farms up
(65:24 / Allies) dirtmcwordup: please
(65:26 / Allies) blinN: ok
(65:32 / Allies) mata.: re-tower the edges
(65:37 / Allies) blinN: let my dudes
(65:48 / Allies) blinN: fuck
(66:19 / Allies) mata.: silence kills bro
(66:24 / Allies) mata.: i mean it's soul burn but same diff
(66:26 / Allies) blinN: yes
(66:28 / Allies) dirtmcwordup: they got owl
(66:28 / Allies) blinN: well he ain't here
(66:28 / Allies) dirtmcwordup: dont die
(66:29 / Allies) blinN: anymore
(66:30 / Allies) mata.: yeh
(66:36 / Allies) dirtmcwordup: get to moon wells tower
(66:51 / Allies) mata.: i'm coming down, the mountain is safe for now
(66:52 / Allies) dirtmcwordup: damn
(66:54 / Allies) dirtmcwordup: down to 12k
(67:10 / Allies) blinN: oh to have boots
(67:27 / Allies) dirtmcwordup: ice
(67:38 / Allies) blinN: reveal
(67:43 / Allies) mata.: reveal towers are gone
(67:46 / Allies) dirtmcwordup: dont got
(67:47 / Allies) blinN: nevermind
(67:48 / Allies) dirtmcwordup: ill maek1
(67:52 / Allies) blinN: forget it
(68:08 / Allies) mata.: i saw blue's archmage
(68:12 / Allies) mata.: around
(68:14 / Allies) mata.: he's easy dp
(68:19 / Allies) mata.: xp
(68:20 / Allies) blinN: coming
(68:22 / Allies) dirtmcwordup: guy has like 20 tp
(68:44 / Allies) mata.: man i was spamming shadowstrike so bad
(68:48 / Allies) dirtmcwordup: me 2
(68:56 / Allies) dirtmcwordup: got 2 reveals going up
(69:01 / Allies) blinN: you got their tol right?
(69:06 / Allies) mata.: yeah
(69:10 / Allies) mata.: it'll be a while until they can get back
(69:32 / Allies) dirtmcwordup: auto heal takes them off hold
(69:35 / Allies) dirtmcwordup: do you believe that shit
(69:55 / Allies) blinN: got a beast
(69:56 / Allies) mata.: sheesh these guys like potions
(70:08 / Allies) dirtmcwordup: kill this worker
(70:09 / Allies) mata.: archmage is in there
(70:09 / Allies) dirtmcwordup: please
(70:25 / Allies) blinN: going
(70:26 / Allies) blinN: finishing him
(70:32 / Allies) dirtmcwordup: nice
(70:32 / Allies) blinN: nevermind :)
(70:36 / Allies) mata.: more like jewin my xp
(70:42 / Allies) mata.: get smoldy
(70:43 / Allies) dirtmcwordup: you got a bat bro
(70:45 / Allies) blinN: ward
(71:09 / Allies) dirtmcwordup: ayugh
(71:10 / Allies) blinN: nevaevadie
(71:12 / Allies) dirtmcwordup: dot kill my worker dow here
(71:25 / Allies) dirtmcwordup: im 21 exp from phoenxi
(71:30 / Allies) dirtmcwordup: like 120 from mass tp
(71:37 / Allies) blinN: they must have spent so much on tanks
(71:37 / Allies) mata.: headin back down to take one last sip from wells
(71:41 / Allies) mata.: i'm firmly level 10 now tho
(72:08 / Allies) dirtmcwordup: got everythig i wat from that wshop
(72:31 / Allies) dirtmcwordup: revealin
(72:36 / Allies) blinN: hahahaha
(72:37 / Allies) blinN: yes
(72:38 / Allies) mata.: not bad
(72:41 / Allies) blinN: so perfect
(72:49 / Allies) dirtmcwordup: he thought he would get away
(72:51 / Allies) dirtmcwordup: because no towers
(72:54 / Allies) mata.: i bet he was like "oh shit" when reveal went off
(73:03 / Allies) blinN: did he even have TP?
(73:06 / Allies) mata.: yes
(73:08 / Allies) dirtmcwordup: 2
(73:10 / Allies) blinN: gonna go storm some more beasts
(73:11 / Allies) dirtmcwordup: wait
(73:11 / Allies) dirtmcwordup: maybe 1
(73:14 / Allies) mata.: only 1
(73:33 / Allies) blinN: pickem off?
(73:34 / Allies) dirtmcwordup: they gonna chop your sentinel
(73:37 / Allies) mata.: i don't need
(73:40 / Allies) mata.: xp
(73:51 / Allies) mata.: about all their heroes are dead though
(73:54 / Allies) mata.: except the warden
(73:58 / Allies) mata.: well ne has probably ressed
(73:59 / Allies) dirtmcwordup: heal up
(74:16 / Allies) blinN: till blade comes back we kinda got free reign
(74:27 / Allies) mata.: it's the combo of blade + soul burn
(74:32 / Allies) mata.: that will do me in eventually
(74:43 / Allies) mata.: gonna work on em
(74:46 / Allies) dirtmcwordup: warde got tiny town hall ad tp
(74:49 / Allies) blinN: wanna kill?
(74:50 / Allies) dirtmcwordup: smolderas got orb staff boot
(74:53 / Allies) mata.: magefont with 3 tp
(74:54 / Allies) blinN: oh fuck blade's back
(75:12 / Allies) blinN: gotta heal
(75:12 / Allies) dirtmcwordup: gtfo
(75:14 / Allies) blinN: bfeore i can help
(75:21 / Allies) blinN: blade is back btw
(75:22 / Allies) dirtmcwordup: blade should be abck soon
(75:26 / Allies) blinN: he attacked me
(75:34 / Allies) mata.: meld is nice
(75:38 / Allies) mata.: i'll brt
(75:50 / Allies) mata.: archmage is down there somewhere
(76:17 / Allies) blinN: gonna strike him
(76:19 / Allies) blinN: ok good
(76:37 / Allies) dirtmcwordup: got both ults
(76:41 / Allies) blinN: nice
(76:42 / Allies) mata.: nice
(76:46 / Allies) mata.: mass tele is gay
(76:55 / Allies) mata.: keep fenix egg there
(77:00 / Allies) blinN: mask of death + vamp aura
(77:04 / Allies) mata.: we need early warning, who knows where warden has been
(77:05 / Allies) blinN: 65% steal?
(77:32 / Allies) blinN: do i not get purges with mask of death
(77:33 / Allies) blinN: feels like it
(77:39 / Allies) dirtmcwordup: nope you done
(77:39 / Allies) dirtmcwordup: t
(77:40 / Allies) mata.: it's an orb effect
(77:47 / Allies) dirtmcwordup: oops
(77:48 / Allies) dirtmcwordup: ui miss
(78:02 / Allies) blinN: gotta read up on my dota
(78:24 / Allies) dirtmcwordup: blizz does half to buildings
(78:26 / Allies) dirtmcwordup: didnt know dis.
(78:31 / Allies) mata.: all spell damage does
(79:27 / Allies) blinN: daytime now
(79:43 / Allies) mata.: had to bail or that blade would punish me
(79:53 / Allies) mata.: yah
(79:57 / Allies) blinN: mad worth it though
(79:58 / Allies) blinN: two kills
(80:00 / Allies) dirtmcwordup: almost got altar
(80:06 / Allies) blinN: shit
(80:06 / Allies) dirtmcwordup: got well wisp and half altar
(80:07 / Allies) mata.: word? he repairing it?
(80:08 / Allies) blinN: going back and storming it
(80:12 / Allies) dirtmcwordup: dfont know
(80:12 / Allies) blinN: oh no mana . . . . hm
(80:14 / Allies) mata.: you got no mana
(80:16 / Allies) dirtmcwordup: he wasnt revivig though
(80:21 / Allies) blinN: if they out of gold
(80:23 / Allies) blinN: that's huge lol
(80:24 / Allies) dirtmcwordup: shit
(80:26 / Allies) mata.: i bet they've tav ressed every time
(80:27 / Allies) dirtmcwordup: i need a main on bottom
(80:30 / Allies) dirtmcwordup: so i can staff my arch to
(80:41 / Allies) mata.: tc is there
(80:42 / Allies) mata.: going for altar
(80:49 / Allies) blinN: how you know tc is there
(80:50 / Allies) blinN: oh
(80:55 / Allies) blinN: well why do you need main on bot
(80:57 / Allies) mata.: heh
(81:02 / Allies) dirtmcwordup: to staff to
(81:04 / Allies) dirtmcwordup: i think altar will work
(81:12 / Allies) blinN: nikoro
(81:14 / Allies) dirtmcwordup: i can staff my archm to altar right
(81:17 / Allies) blinN: more like dikoro
(81:23 / Allies) blinN: can't you just use farm?
(81:27 / Allies) mata.: i have no idea how that item works sorry
(81:30 / Allies) dirtmcwordup: i have farms up here
(81:32 / Allies) mata.: sometiems yes sometimes no
(81:35 / Allies) dirtmcwordup: it would send me here prob
(81:36 / Allies) blinN: ah right but altar has precedence
(81:41 / Allies) dirtmcwordup: we should test out how it orks
(81:55 / Allies) blinN: it's not like we can't afford an altar anyway
(81:57 / Allies) dirtmcwordup: 5 exp
(81:59 / Allies) dirtmcwordup: kill a wisp
(82:07 / Allies) mata.: kill a tc
(82:11 / Allies) blinN: or a tc
(82:17 / Allies) dirtmcwordup: yop
(82:42 / All) mata.: how you guys doin
(82:43 / All) dirtmcwordup: how much gold you guys got.
(82:48 / All) ITSATRAP: plenty
(82:49 / Allies) mata.: wisps building
(82:49 / Allies) dirtmcwordup: mines been out a long time
(82:51 / Allies) mata.: he's making a new altar there
(83:00 / Allies) mata.: nice
(83:01 / All) GuSSSSSSSSSSSS: we have time
(83:01 / Allies) dirtmcwordup: gonna blizz my way in
(83:03 / All) GuSSSSSSSSSSSS: dont matter
(83:03 / Allies) dirtmcwordup: keep blade off me
(83:10 / Allies) blinN: blade's on me
(83:17 / Allies) mata.: coming to blade
(83:18 / Allies) blinN: god cold orb is gay
(83:18 / Allies) dirtmcwordup: hes gona come straight of rme
(83:24 / Allies) blinN: kill the basts then mata
(83:25 / Allies) blinN: beasts
(83:39 / Allies) mata.: blade is there
(83:39 / Allies) mata.: i think
(83:40 / Allies) mata.: get out
(83:44 / Allies) mata.: yah
(83:55 / Allies) mata.: killzored a beastzor
(83:58 / Allies) blinN: cool
(84:02 / Allies) mata.: altar of elders
(84:06 / Allies) blinN: man all those wells down here for mana were a big help
(84:36 / Allies) blinN: i'm gonna try kill orc workers
(84:37 / Allies) blinN: then main
(84:39 / Allies) blinN: then beasts
(84:40 / Allies) mata.: we gotta nuke the shit out of tinies
(84:50 / Allies) dirtmcwordup: there my priests are usable
(84:53 / Allies) dirtmcwordup: just dont move sorc or epasant
(84:58 / Allies) dirtmcwordup: they are trapped back there ok
(85:00 / Allies) mata.: clever
(85:19 / Allies) blinN: nice
(85:25 / Allies) dirtmcwordup: tiny
(85:25 / Allies) blinN: pick up
(85:26 / Allies) dirtmcwordup: hall
(85:26 / Allies) blinN: or destroy
(85:27 / Allies) dirtmcwordup: get
(85:29 / Allies) blinN: gpinmg
(85:30 / Allies) blinN: going
(85:34 / Allies) blinN: damn
(85:34 / Allies) dirtmcwordup: he got
(85:36 / Allies) dirtmcwordup: he got
(85:36 / Allies) mata.: he picked up
(85:39 / Allies) dirtmcwordup: hes got 2
(85:41 / Allies) mata.: sorry but inventory is full
(85:48 / Allies) dirtmcwordup: was about to send am down
(85:51 / Allies) dirtmcwordup: then try to tp up
(86:02 / Allies) dirtmcwordup: you guys have any hp items
(86:07 / Allies) mata.: crown i guess
(86:11 / Allies) mata.: but not giving that to am
(86:14 / Allies) dirtmcwordup: yeah you need that
(86:24 / Allies) blinN: hmm
(86:24 / Allies) dirtmcwordup: do mask and chimes stack
(86:25 / Allies) mata.: also evasion but that's hardly enough
(86:27 / Allies) blinN: is mana regen mad +
(86:29 / Allies) mata.: no idea
(86:32 / Allies) blinN: when you're level 10?
(86:39 / Allies) dirtmcwordup: well you got 36 int
(86:42 / Allies) blinN: feels like it's gotten a hell of a lot faster than level 9
(86:50 / Allies) dirtmcwordup: you have more int than my mages.
(86:54 / Allies) mata.: there's no hidden boost at level 10
(86:55 / Allies) blinN: ahe he
(87:12 / Allies) mata.: i have dog hat
(87:16 / Allies) blinN: shallwe try get back
(87:16 / Allies) mata.: great warden item
(87:22 / Allies) blinN: there and pick off some bats
(87:23 / Allies) mata.: warden is back
(87:26 / Allies) mata.: its going down
(87:28 / Allies) blinN: let's assassinate then
(87:35 / Allies) blinN: do it do it
(87:36 / Allies) blinN: doit
(87:43 / Allies) mata.: timg got cold feet
(87:45 / Allies) mata.: bats
(87:45 / Allies) mata.: bats
(87:46 / Allies) mata.: back
(87:47 / Allies) mata.: oh
(87:51 / Allies) mata.: oh nooo
(87:58 / Allies) mata.: the the heck outttt
(88:07 / Allies) dirtmcwordup: lost 2
(88:09 / Allies) dirtmcwordup: but was worth it
(88:10 / Allies) blinN: it's cool
(88:10 / Allies) blinN: yeah
(88:18 / Allies) blinN: only have one beast left
(88:22 / Allies) blinN: and I can kill it soon
(88:29 / Allies) mata.: blade was there
(88:36 / Allies) blinN: we have no choice but to suicide any tiny attempts
(88:48 / Allies) dirtmcwordup: they dont got much aa
(88:57 / Allies) mata.: ne doesn't have shit
(89:00 / Allies) mata.: and they're not building any more
(89:01 / Allies) blinN: he building mo bats
(89:06 / Allies) blinN: but not much
(89:09 / Allies) mata.: storm it
(89:12 / Allies) mata.: and finish it
(89:16 / Allies) dirtmcwordup: next time i send phoenix
(89:19 / Allies) dirtmcwordup: forgot about that guy
(89:26 / Allies) mata.: lucky no soulburn
(89:31 / Allies) blinN: lucky guy is a huge noob
(89:37 / Allies) mata.: they still have tinies
(89:42 / Allies) blinN: but only like 3 bats
(89:45 / Allies) blinN: literally
(90:01 / Allies) blinN: dang
(90:08 / Allies) blinN: next target i guess
(90:13 / Allies) dirtmcwordup: fuix
(90:19 / Allies) mata.: :)
(90:28 / Allies) dirtmcwordup: whew close 1
(90:43 / Allies) mata.: losing a 4th of 5th gen
(90:51 / Allies) blinN: go
(90:51 / Allies) blinN: go
(90:59 / Allies) blinN: they have no bats just fucking go
(91:13 / Allies) blinN: going to assassinate warden
(91:32 / All) mata.: lol.
(91:36 / All) mata.: lol!
(91:38 / All) dirtmcwordup: is that it
(91:39 / All) dirtmcwordup: rly
(91:44 / All) blinN: "we're not gonna lose" - you two hours ago
(92:26 / Allies) blinN: man his name doesn't have an equal amount of zs on the left and right side
(92:31 / Allies) blinN: looks all unsymmetrical and whatnot
(92:37 / All) GuSSSSSSSSSSSS: well we out of gold.. so have fun killing our bases for next hour
(92:43 / All) GuSSSSSSSSSSSS: afk!
(92:48 / All) blinN: only gonna take approx 15 minutes, gg
(92:48 / All) dirtmcwordup: how are you out of gold
(92:57 / Allies) mata.: want me to make chim or something
(93:01 / All) dirtmcwordup: we have 30k combined.
(93:04 / Allies) dirtmcwordup: yeah
(93:11 / Allies) blinN: what
(93:11 / Allies) blinN: whatha
(93:12 / Allies) blinN: hwa
(93:12 / Allies) blinN: hwt
(93:24 / Allies) blinN: tavres?
(93:30 / Allies) dirtmcwordup: why ot
(93:46 / Allies) blinN: i swear I tped but maybe a big mistake on my part
(93:47 / Allies) mata.: god i still have 93 food
(93:52 / Allies) dirtmcwordup: 92
(93:57 / Allies) mata.: yah built a tol
(93:58 / Allies) blinN: these guys barely did shit
(94:05 / Allies) dirtmcwordup: look @ my worker
(94:13 / Allies) dirtmcwordup: save please
(94:17 / Allies) blinN: i can't
(94:25 / Allies) mata.: is a lil far
(94:36 / Allies) blinN: why do you really need it
(94:42 / Allies) blinN: kill tower that's buildin
(94:49 / Allies) blinN: ah fuck
(95:35 / Allies) blinN: suicide hipo ritual
(95:52 / All) blinN: gg
(96:34 / Allies) blinN: no reveal
(96:37 / All) mata.: so a littel noob thought he ould outgay us
(96:40 / All) mata.: by building a few towers
(97:02 / Allies) dirtmcwordup: do we eve need chim prob not
(97:46 / Allies) blinN: so glad we won this
(98:30 / Allies) blinN: what does it matter anyway
(98:31 / Allies) blinN: just finish it
(99:50 / All) mata.: BOOM
(99:51 / All) mata.: HEADSHOT
(99:57 / All) blinN: -FPS DOUG, PURE PWNAGE
(100:06 / All) dirtmcwordup: u may quit.
(100:11 / All) blinN: out of my site
(100:23 / All) mata.: leaf my presents.
(100:29 / All) blinN: make like a tree & get out of here
(100:48 / Allies) mata.: guy is hiding mad tower
(100:52 / Allies) mata.: so
(100:54 / Allies) blinN: kill mains, kill brains
(100:56 / Allies) mata.: kill their mains
(101:07 / Allies) blinN: brains of the operation i mean
(101:46 / All) dirtmcwordup: thought you had 10k gold what happened.
(101:54 / All) blinN: spent it all on potions and TPs LOL
(101:58 / All) mata.: 10k not that much maybe...
(102:09 / All) mata.: we all had 20k about when you wrote that
(102:12 / All) mata.: and we still do
(102:36 / Allies) blinN: aheh tree basing
(102:44 / Allies) blinN: tree of this is taking ages
(103:09 / Allies) dirtmcwordup: hu got masonry
(103:09 / Allies) dirtmcwordup: gay
(103:11 / Allies) mata.: tree of this is taking eternity?
(103:15 / Allies) blinN: an eternity
(103:19 / Allies) mata.: big ol castle
(103:28 / Allies) blinN: tree of "this is taking an" eternity
(104:08 / Allies) blinN: the unkillable castle
(104:20 / Allies) mata.: 4000 hp
(104:29 / Allies) mata.: more than anything in the gaem that i know of
(104:30 / Allies) dirtmcwordup: bloodm desperately out of maa
(104:34 / Allies) blinN: more HP than i know what to do wit
(104:44 / Allies) mata.: i tink maybe archimonde
(104:45 / Allies) mata.: in the campaign
(104:48 / Allies) mata.: has comparable
(104:55 / Allies) blinN: with HP comparable to wonderboy's
(105:02 / Allies) mata.: what hp you ask
(105:17 / Allies) blinN: well he had the HP of 4000
(105:20 / Allies) blinN: that do anything for ya?
(105:25 / Allies) mata.: how about the hp
(105:26 / Allies) mata.: to kill a yak
(105:29 / Allies) mata.: from 4000 yards
(105:31 / Allies) mata.: with mind hp
(105:42 / Allies) blinN: wow
(105:45 / Allies) blinN: really suiciding all your shit
(105:46 / Allies) blinN: aren't ya
(105:52 / Allies) mata.: geh
(105:58 / All) mata.: yo i was makin chim
(106:01 / All) mata.: take it eaz
(106:05 / All) blinN: E Z
(106:30 / Allies) blinN: dick still has a tiny hall
(106:50 / Allies) mata.: toe wins
(106:51 / Allies) blinN: hmm you only actually lost 1
(107:05 / Allies) blinN: impressivv
(107:11 / Allies) blinN: come on
(107:13 / Allies) blinN: i said blueee skiiies
(107:13 / Allies) mata.: blocking this off
(107:25 / Allies) mata.: yeah he hiding everywhere
(107:26 / Allies) blinN: burrow right there
(107:32 / Allies) blinN: blue skies over my head
(107:57 / All) dirtmcwordup: ITSAFREEWINTHX
(108:10 / All) blinN: LOL
(108:13 / All) mata.: You are a noob ,
(108:18 / All) blinN: You are one (1) noob
(108:35 / All) mata.: how do you feel about losing this game
(108:41 / All) blinN: must really suck 2 b u
(108:43 / Allies) dirtmcwordup: who move my peasant sorc
(108:48 / Allies) blinN: not I
(108:48 / Allies) mata.: i did
(108:59 / Allies) mata.: peon there
(108:59 / Allies) dirtmcwordup: biggest of yerks
(109:15 / Allies) blinN: out of frying pan into fire
(109:16 / Allies) mata.: no blade will be peskerin this
(109:39 / Allies) blinN: she said blue skies over my heeead
(109:47 / Allies) dirtmcwordup: hope they did bottom right mountain
(109:48 / All) mata.: "teh" gg
(110:02 / Allies) blinN: of course they didn't
(110:03 / Allies) dirtmcwordup: would make m ay
(110:03 / Allies) blinN: not pro like us
(110:05 / Allies) dirtmcwordup: day
(110:10 / Allies) mata.: i chefcked it a while ago
(110:44 / All) blinN: that didn't take nearly an hour
(110:46 / Allies) mata.: blocked himself
(110:55 / Allies) blinN: nah he didn't block
(111:02 / Allies) blinN: wasn't a manner hole
(111:14 / Allies) blinN: haha can't it see you?
(111:26 / All) mata.: lol scrubbbbb
(111:30 / All) dirtmcwordup: lmfao
(111:47 / All) mata.: you are terrible hider
(111:50 / All) blinN: atrocious
(112:06 / Allies) mata.: blade spotted
(112:14 / All) mata.: you are shit hide, we are pro hide
(112:15 / Allies) blinN: leave him alive
(112:24 / Allies) blinN: aheh
(112:25 / All) dirtmcwordup: lmfaoooo
(112:26 / Allies) mata.: that's just great